 Dungeon Crawl Stone Soup version 0.23.1-37-gaa34b87b72 (webtiles) character file.

Game seed: 12368136907014892020

5450 Trihorn the Fighter (level 10, -4/93 HPs)
             Began as a Minotaur Berserker on Mar 23, 2019.
             Was a High Priest of Trog.
             Killed from afar by a white imp (7 damage)
             ... with a puff of frost
             ... on level 8 of the Dungeon.
             The game lasted 00:56:47 (7809 turns).

Trihorn the Fighter (Minotaur Berserker)            Turns: 7809, Time: 00:56:48

Health: -4/93      AC: 15    Str: 24    XL:     10   Next: 41%
Magic:  9/9        EV:  9    Int:  4    God:    Trog [*****.]
Gold:   394        SH:  6    Dex: 11    Spells: 9/9 levels left

rFire    + . .     SeeInvis .   K - +3 flail
rCold    . . .     Gourm    .   w - +0 buckler
rNeg     . . .     Faith    .   n - +0 chain mail {rF+}
rPois    +         Spirit   .   (helmet restricted)
rElec    .         Reflect  .   b - +1 cloak {+Inv}
rCorr    +         Harm     .   (no gloves)
MR       .....                  u - +0 pair of boots
Stlth    ..........             (no amulet)
HPRegen  0.25/turn              g - ring of poison resistance
MPRegen  0.11/turn              k - ring of resist corrosion

@: no status effects
A: retaliatory headbutt, horns 2
a: Berserk, Trog's Hand, Brothers in Arms, Renounce Religion, Evoke Invisibility


You were on level 8 of the Dungeon.
You worshipped Trog.
Trog was extremely pleased with you.
You were not hungry.

You visited 1 branch of the dungeon, and saw 8 of its levels.
You also visited: Sewer.

You collected 394 gold pieces.

Inventory:

Hand Weapons
 p - a +1 whip of electrocution
 v - the +3 falchion of Osmegaji {elec, rN+ Dex+3 Stlth+}
   (You found it on level 7 of the Dungeon)

   Occasionally, upon striking a foe, it will discharge some electrical energy
   and cause terrible harm.
   It affects your dexterity (+3).
   It protects you from negative energy.
   It makes you more stealthy.
 K - a +3 flail (weapon)
Missiles
 a - 2 throwing nets (quivered)
Armour
 b - a +1 cloak of invisibility (worn)
 n - a +0 chain mail of fire resistance (worn)
 u - a +0 pair of boots (worn)
 w - a +0 buckler (worn)
Jewellery
 g - a ring of poison resistance (left hand)
 k - a ring of resist corrosion (right hand)
 l - an uncursed ring of protection from fire
 y - the ring of Kialu {rC- rN+ Int+7, unknown}
   (You found it on level 7 of the Dungeon)

   [ring of positive energy]

   It affects your intelligence (+7).
   It makes you vulnerable to cold.
   It protects you from negative energy.
 A - an uncursed ring of protection from fire
Wands
 d - a wand of paralysis (9)
 m - a wand of random effects (32)
 B - a wand of acid (5)
Scrolls
 h - a scroll of remove curse
 j - 2 scrolls of magic mapping {unknown}
 o - 3 scrolls of teleportation
 x - 2 scrolls of fear {unknown}
 F - a scroll of blinking {unknown}
 H - a scroll of enchant weapon {unknown}
 I - 2 scrolls of immolation {unknown}
 J - 3 scrolls of enchant armour {unknown}
Potions
 e - a potion of magic
 f - 2 potions of might {unknown}
 i - a potion of haste
 q - 2 potions of flight {unknown}
 r - 2 potions of heal wounds
 s - 5 potions of brilliance {unknown}
 t - a potion of curing
 z - a potion of mutation {unknown}
 C - 2 potions of agility {unknown}
 D - 2 potions of cancellation {unknown}
 G - a potion of resistance
 L - a potion of invisibility {unknown}
Miscellaneous
 E - 2 phantom mirrors
Comestibles
 c - 16 rations


   Skills:
 + Level 10.3 Fighting
 + Level 10.2 Maces & Flails
 + Level 9.9 Armour
 - Level 2.3 Dodging
 + Level 8.3 Shields


You had 9 spell levels left.
You didn't know any spells.
Your spell library was empty.

Dungeon Overview and Level Annotations

Branches:
Dungeon (8/15)             Temple (0/1) D:7
   Lair: D:8-11

Altars:
Gozag
Makhleb
Nemelex Xobeh
Sif Muna
Trog

Shops:
D:5 :

Annotations:
D:8 Grum


Innate Abilities, Weirdness & Mutations

You reflexively headbutt those who attack you in melee.
You have a pair of horns on your head.


Message History

The white imp laughs crazily.
Your chain mail prevents you from hitting the white imp.
Your headbutt misses the white imp.
The white imp shouts, "Give in, thou dankish half-faced flirt-gill!"
The white imp gestures at you. The puff of frost hits you!
* * * LOW HITPOINT WARNING * * *
You hit the white imp but do no damage. The white imp closely misses you.
You hit the white imp. You headbutt the white imp!
The white imp is severely wounded.
You completely miss the white imp. Your headbutt misses the white imp.
The white imp is severely wounded.
The white imp gestures at you. The puff of frost hits you.
* * * LOW HITPOINT WARNING * * *
You barely miss the white imp. Your headbutt misses the white imp.
The white imp is severely wounded.
The white imp gestures at you. The puff of frost hits you!
You die...

#...≈≈≈≈≈....
#..≈≈≈≈.....
#.†≈≈≈h# +#
######......# .#
#...........###.###
#..................
#......#######÷##..
#......## #..'.J
#.@5.†..# ####..
#.......# ..
#...†...# #.
#######<# . ### .


You could see a white imp.

Vanquished Creatures
  A komodo dragon (D:7)
  2 hippogriffs
  Sigmund (D:6)
  A wyvern (D:7)
  A yak (D:8)
  2 hungry ghosts (D:7)
  An orc warrior (D:6)
  3 sky beasts
  3 ice beasts
  A phantom (D:7)
  3 ogres
  2 wolves (D:8)
  3 centaurs (D:7)
  A big kobold (Sewer)
  6 bullfrogs (D:7)
  4 scorpions
  10 killer bees (D:7)
  5 wights (D:6)
  3 howler monkeys (D:7)
  2 crimson imps (D:5)
  A centaur zombie (D:6)
  7 hounds
  2 jellies (D:8)
  A gnoll shaman (D:6)
  5 orc priests
  2 bullfrog skeletons
  2 centaur skeletons
  3 orc wizards
  Terence (D:3)
  4 worker ants
  A killer bee zombie (D:7)
  3 ogre zombies (D:6)
  A hound skeleton (D:4)
  A howler monkey skeleton (D:5)
  10 gnolls
  8 adders
  2 shadow imps (D:7)
  A white imp (D:8)
  An ufetubus (D:8)
  2 oozes
  7 worms
  4 leopard geckos
  24 orcs
  11 giant cockroaches
  7 goblins
  5 hobgoblins
  6 jackals
  2 quokkas
  A ball python (D:2)
  A ball python skeleton (D:4)
  7 bats
  6 frilled lizards
  13 kobolds
  2 leopard gecko skeletons
  A quokka simulacrum (D:8)
  14 rats
224 creatures vanquished.

Notes
Turn   | Place    | Note
-------+----------+-------------------------------------------
     0 | D:1      | Trihorn the Minotaur Berserker began the quest for the Orb.
     0 | D:1      | Reached XP level 1. HP: 19/19 MP: 0/0
   249 | D:1      | Reached XP level 2. HP: 21/27 MP: 1/1
   509 | D:1      | Reached XP level 3. HP: 28/33 MP: 2/2
   643 | D:1      | Reached ** piety under Trog
  1341 | D:2      | Reached XP level 4. HP: 22/41 MP: 3/3
  1848 | D:3      | Noticed Terence
  1855 | D:3      | Killed Terence
  2168 | D:3      | Reached skill level 5 in Fighting
  2173 | D:3      | Reached XP level 5. HP: 39/48 MP: 4/4
  2181 | D:3      | Reached skill level 5 in Maces & Flails
  2301 | D:3      | Found a glowing drain.
  2305 | Sewer    | Entered a sewer
  2381 | Sewer    | Reached *** piety under Trog
  2412 | Sewer    | Found a white marble altar of Elyvilon.
  2614 | D:3      | Found a sparkling altar of Nemelex Xobeh.
  2626 | D:3      | Reached XP level 6. HP: 56/56 MP: 5/5
  2904 | D:3      | Reached skill level 5 in Armour
  3547 | D:4      | Reached skill level 1 in Shields
  3679 | D:4      | Reached XP level 7. HP: 64/64 MP: 6/6
  3722 | D:4      | Found a bloodstained altar of Trog.
  4016 | D:5      | Entered Level 5 of the Dungeon
  4597 | D:5      | Reached **** piety under Trog
  4861 | D:5      | Found Nojuack's Book Emporium.
  4909 | D:6      | Reached XP level 8. HP: 66/73 MP: 7/7
  5055 | D:6      | Found a transporter.
  5091 | D:6      | Found a transporter.
  5101 | D:6      | HP: 1/109 [ogre zombie/+0 giant club of venom (14)]
  5415 | D:6      | Noticed Sigmund
  5426 | D:6      | Killed Sigmund
  5710 | D:6      | Reached skill level 5 in Shields
  6174 | D:6      | Found an opulent altar of Gozag.
  6174 | D:6      | Found a deep blue altar of Sif Muna.
  6227 | D:6      | Reached XP level 9. HP: 58/82 MP: 8/8
  6755 | D:7      | Found a burning altar of Makhleb.
  6878 | D:7      | Found a burning altar of Makhleb.
  7144 | D:7      | Found a staircase to the Ecumenical Temple.
  7320 | D:7      | Reached ***** piety under Trog
  7437 | D:7      | Noticed a komodo dragon
  7447 | D:7      | Reached XP level 10. HP: 86/92 MP: 9/9
  7468 | D:7      | Reached skill level 10 in Fighting
  7499 | D:7      | Got a jewelled falchion
  7504 | D:7      | Got a scorched silver ring
  7509 | D:7      | Identified the cursed +3 falchion of Osmegaji {elec, rN+
                  | Dex+3 Stlth+} (You found it on level 7 of the Dungeon)
  7681 | D:8      | Reached skill level 10 in Maces & Flails
  7712 | D:8      | Noticed Grum
  7808 | D:8      | HP: 3/93 [white imp/puff of frost (5)]
  7809 | D:8      | Killed from afar by a white imp

Skill      XL: |  1  2  3  4  5  6  7  8  9 10 |
---------------+-------------------------------+-----
Fighting       | 4 5 6 7 8 9 10 | 10.3
Maces & Flails | 4 5 6 7 8 9 10 | 10.2
Armour         | 3 4 5 6 7 9 |  9.9
Shields        | 1 3 5 7 8 |  8.3
Dodging        | |  2.3

Action                   |  1- 3 |  4- 6 |  7- 9 | 10-12 || total
-------------------------+-------+-------+-------+-------++-------
Melee: Mace              |    82 |   191 |   184 |       ||   457
       Headbutt          |    13 |    34 |    71 |    23 ||   141
       Flail             |       |       |   170 |    91 ||   261
Invok: Berserk           |     1 |     1 |     3 |       ||     5
  Use: Scroll            |       |       |     6 |     1 ||     7
  Eat: Chunk             |     2 |     6 |     8 |     5 ||    21
       Ration            |       |     1 |     2 |       ||     3
Armor: Animal skin       |    16 |     2 |       |       ||    18
       Chain mail        |       |    85 |   162 |    61 ||   308
Dodge: Dodged            |    60 |    85 |   132 |    50 ||   327
Block: Buckler           |       |    10 |    84 |    25 ||   119
